 Dungeon Crawl Stone Soup version 0.26.0-18-gc5c842f807 (console) character file.

Game seed: 3786317727501112547

6731 om the Blocker (level 10, 0/81 HPs)
             Began as a Minotaur Fighter on Jan 22, 2021.
             Was a High Priest of Okawaru.
             Slain by an ice dragon (7 damage)
             ... on level 9 of the Dungeon.
             The game lasted 00:20:56 (9871 turns).

om the Blocker (Minotaur Fighter)                   Turns: 9871, Time: 00:20:57

Health: 0/81       AC: 25    Str: 21    XL:     10   Next: 75%
Magic:  12/12      EV: 10    Int:  6    God:    Okawaru [*****.]
Gold:   1101       SH: 19    Dex: 12    Spells: 9/9 levels left

rFire    . . .     SeeInvis .   n - +2 war axe (freeze)
rCold    + . .     Faith    .   c - +0 kite shield
rNeg     . . .     Spirit   .   r - +0 crystal plate armour
rPois    .         Reflect  +   (helmet restricted)
rElec    .         Harm     .   (no cloak)
rCorr    .         Rampage  .   (no gloves)
Will     .....                  p - +0 pair of boots
Stlth    ..........             e - amulet of reflection
HPRegen  0.23/turn              E - ring of flight
MPRegen  0.13/turn              m - ring of protection from cold

@: about to teleport, heroism
A: retaliatory headbutt, horns 2
a: Renounce Religion, Evoke Flight, Heroism, Finesse


You were on level 9 of the Dungeon.
You worshipped Okawaru.
Okawaru was extremely pleased with you.
You visited 2 branches of the dungeon, and saw 11 of its levels.
You also visited: Bailey.

You collected 1101 gold pieces.

Inventory:

Hand Weapons
 a - a +1 war axe
 l - a +0 spear
 n - a +2 war axe of freezing (weapon)
 M - a +4 spear of venom
Armour
 b - a +0 scale mail
 c - a +0 kite shield (worn)
 p - a +0 pair of boots (worn)
 q - a +0 plate armour
 r - a +0 crystal plate armour (worn)
 G - the +1 plate armour of the Maze {Rampage Regen+ Slay+5 Stlth-}
   (You found it on level 7 of the Dungeon)

   It affects your accuracy and damage with ranged weapons and melee attacks
   (+5).
   It increases your rate of regeneration.
   It bestows one free step when moving towards enemies.
   It makes you less stealthy.
Jewellery
 e - an amulet of reflection (around neck)
 m - a ring of protection from cold (right hand)
 B - an uncursed amulet of guardian spirit
 E - a ring of flight (left hand)
Wands
 D - a wand of polymorph (12)
 F - a wand of disintegration (5)
 I - a wand of paralysis (10)
 J - a wand of digging (6)
Scrolls
 f - a scroll of amnesia
 g - 9 scrolls of remove curse
 h - 5 scrolls of teleportation
 u - a scroll of enchant weapon
 v - a scroll of fog
 L - a scroll of magic mapping
Potions
 d - 4 potions of brilliance
 i - 4 potions of curing
 j - a potion of haste
 k - 2 potions of lignification
 o - 4 potions of mutation {unknown}
 s - 3 potions of magic
 t - 2 potions of might
 w - a potion of ambrosia
 x - 2 potions of invisibility {unknown}
 z - 3 potions of flight
 A - 3 potions of heal wounds {unknown}
 C - 2 potions of attraction
 H - a potion of berserk rage {unknown}
Miscellaneous
 K - a phantom mirror


   Skills:
 - Level 5.0(10.0) Fighting
 * Level 7.9(12.9) Axes
 + Level 10.0(15.0) Armour
 + Level 8.8(13.8) Dodging
 + Level 10.1(15.1) Shields
 * Level 4.0 Invocations
 * Level 3.6 Evocations


You had 9 spell levels left.
You didn't know any spells.
Your spell library contained the following spells:

 Spells                   Type           Power        Failure   Level
 Summon Small Mammal      Summ           0%           100%        1
 Call Imp                 Summ           0%           100%        2
 Call Canine Familiar     Summ           0%           100%        3
 Summon Guardian Golem    Hex/Summ       0%           100%        3
 Summon Ice Beast         Ice/Summ       0%           100%        4
 Summon Lightning Spire   Summ/Air       0%           100%        4


Dungeon Overview and Level Annotations

Branches:
Dungeon (10/15)            Temple (1/1) D:4            Lair (0/6) D:10
    Orc (0/2) D:9          Bailey (visited)

Altars:
Ashenzari
Cheibriados
Dithmenos
Elyvilon
Fedhas
Gozag
Hepliaklqana
Kikubaaqudgha
Makhleb
Nemelex Xobeh
Okawaru
Qazlal
Ru
Sif Muna
Trog
Uskayaw
Vehumet
Wu Jian
Xom
Yredelemnul
Zin
The Shining One

Annotations:
D:9 1 runed translucent door


Innate Abilities, Weirdness & Mutations

You reflexively headbutt those who attack you in melee.
You have a pair of horns on your head.


Message History

You hit the ice dragon but do no damage.
You headbutt the ice dragon.
The ice dragon is heavily wounded.
The fire dragon breathes flames at you. The blast of flame hits you!
* * * LOW HITPOINT WARNING * * *
The ice dragon closely misses you. You block the ice dragon's attack.
The ice dragon misses you.
You hear a deafening roar!
You slash the ice dragon!
The ice dragon is heavily wounded.
The ice dragon breathes frost at you. The blast of cold hits you! You resist.
* * * LOW HITPOINT WARNING * * *
As you read the scroll of teleportation, it crumbles to dust.
You feel strangely unstable.
The ice dragon bites you but does no damage.
The ice dragon claws you.
* * * LOW HITPOINT WARNING * * *
The ice dragon tramples you!
You die...

,,,,,.....#..........#
,,,,,....,#..........#
,,,,,...,,+..........#
,,,,,...,,#...##.....#
,,,,,,,,,,#...##.....#
,,,,,,,,,,#...'......#
,,,,,,,,.,#...#......#
,,,,,,,,..#...#......#
'***,,,,,.'...#......#
,,,*,,,...#...##.....#
,,,****#+##...##@....#
,,,,,,,,,,#.....D....#
,,,,,,,,,,#....D.....#
*'***,,,,,#..........#
,,,**,,,,,#...##.....#
,,,*,,,,,,#...*#.....#
,,,*,,,,,,#...,#.....#
,,,*,,,,,,#..,,#.....#
,,,*,,,,,,#..,,*.....#
,,,*,,,,,,*,,,,*,,,,,*
,,,*,,,,,,+,,,,*,,,,,*


You could see a fire dragon (catching breath) and an ice dragon (catching
breath).

Vanquished Creatures
  An ice dragon (D:9)
  Pikel (D:5)
  An orc knight (Bailey)
  Sigmund (D:5)
  4 ice beasts
  9 orc warriors
  A sky beast (D:5)
  4 phantoms
  6 ogres
  5 centaurs
  6 bullfrogs
  A scorpion (D:6)
  3 killer bees (D:7)
  6 wights
  2 howler monkeys (D:7)
  A centaur zombie (D:8)
  4 crimson imps (D:10)
  A jelly (D:5)
  3 hounds
  7 orc priests
  A bullfrog skeleton (D:6)
  11 orc wizards
  Terence (D:2)
  8 worker ants
  A killer bee zombie (D:8)
  A hound zombie (D:6)
  2 hound skeletons (D:7)
  A howler monkey zombie (D:5)
  2 worker ant zombies
  4 gnolls (D:6)
  19 adders
  2 shadow imps (D:10)
  6 white imps
  2 ufetubi (D:8)
  3 oozes
  2 adder skeletons (D:8)
  A worm (D:3)
  2 dart slugs
  2 leopard geckos
  41 orcs
  5 ball pythons
  7 giant cockroaches
  16 goblins
  13 hobgoblins
  14 jackals
  2 quokkas
  6 bats
  8 frilled lizards
  A jackal skeleton (D:6)
  7 kobolds
  A leopard gecko skeleton (D:6)
  A leopard gecko zombie (D:7)
  12 rats
272 creatures vanquished.

Notes
Turn   | Place    | Note
-------+----------+-------------------------------------------
     0 | D:1      | om the Minotaur Fighter began the quest for the Orb.
     0 | D:1      | Reached XP level 1. HP: 19/19 MP: 0/0
   118 | D:1      | Reached XP level 2. HP: 27/27 MP: 1/1
   444 | D:1      | Reached skill level 1 in Dodging
   444 | D:1      | Reached XP level 3. HP: 33/33 MP: 2/2
   893 | D:2      | Noticed an ice beast
   900 | D:2      | Killed an ice beast
   901 | D:2      | Reached XP level 4. HP: 29/41 MP: 3/3
   901 | D:2      | Reached XP level 5. HP: 33/47 MP: 4/4
  1293 | D:2      | Noticed Terence
  1294 | D:2      | Found a stormy altar of Qazlal.
  1304 | D:2      | Killed Terence
  1623 | D:2      | Found a shadowy altar of Dithmenos.
  1624 | D:2      | Found a blossoming altar of Fedhas.
  2127 | D:3      | Reached XP level 6. HP: 49/53 MP: 5/5
  2411 | D:4      | Reached skill level 5 in Axes
  2446 | D:4      | Reached skill level 5 in Fighting
  2446 | D:4      | Reached skill level 5 in Armour
  2446 | D:4      | Reached skill level 5 in Shields
  2704 | D:4      | Reached XP level 7. HP: 36/61 MP: 6/6
  3145 | D:4      | Found a staircase to the Ecumenical Temple.
  3154 | Temple   | Entered the Ecumenical Temple
  3370 | Temple   | Became a worshipper of Warmaster Okawaru
  3595 | D:5      | Entered Level 5 of the Dungeon
  3625 | D:5      | Noticed Pikel
  3648 | D:5      | Killed Pikel
  3648 | D:5      | Reached * piety under Okawaru
  3648 | D:5      | Reached ** piety under Okawaru
  3649 | D:5      | Reached XP level 8. HP: 51/68 MP: 7/7
  3844 | D:5      | Reached skill level 5 in Dodging
  3975 | D:5      | Found a shimmering blue altar of Sif Muna.
  4040 | D:5      | Noticed Sigmund
  4044 | D:5      | Killed Sigmund
  4743 | D:6      | Reached XP level 9. HP: 61/74 MP: 8/8
  5176 | D:6      | Reached *** piety under Okawaru
  5832 | D:7      | Found a sacrificial altar of Ru.
  6341 | D:7      | Reached **** piety under Okawaru
  6358 | D:7      | Got a bloodstained plate armour
  6369 | D:7      | Identified the +1 plate armour of the Maze {Rampage Regen+
                  | Slay+5 Stlth-} (You found it on level 7 of the Dungeon)
  6951 | D:8      | Found a hazy altar of Hepliaklqana.
  6954 | D:8      | Found a snail-covered altar of Cheibriados.
  6957 | D:8      | Found a basalt altar of Yredelemnul.
  7071 | D:8      | Reached XP level 10. HP: 77/81 MP: 9/9
  7074 | D:8      | Reached skill level 1 in Invocations
  7081 | D:8      | Reached skill level 1 in Evocations
  7596 | D:8      | Reached skill level 10 in Shields
  7651 | D:9      | Found a flagged portal.
  7672 | Bailey   | Entered a bailey
  7672 | Bailey   | Noticed an orc knight
  7936 | Bailey   | Reached skill level 10 in Armour
  8151 | Bailey   | Killed an orc knight
  8151 | Bailey   | Reached ***** piety under Okawaru
  8275 | D:9      | Found a runed translucent door.
  8275 | D:9      | Noticed an ice dragon
  8377 | D:9      | Noticed an ice dragon
  8379 | D:9      | Noticed a fire dragon
  8380 | D:9      | Found the +2 shield of Resistance {rF++ rC++ Will++}
  8380 | D:9      | Noticed a fire dragon
  8462 | D:9      | Found a staircase to the Orcish Mines.
  8604 | D:9      | Found a runed translucent door.
  9047 | D:10     | Entered Level 10 of the Dungeon
  9166 | D:10     | Received a gift from Okawaru
  9301 | D:10     | Found a staircase to the Lair.
  9417 | D:9      | Killed an ice dragon
  9417 | D:9      | HP: 4/81 [fire dragon/blast of flame (31)]
  9871 | D:9      | Slain by an ice dragon

Illustrated notes

Levels and vault maps discovered:
D:1:      eino_arrival_water_cross, layout_basic, solitary_fountain
D:2:      minmay_evil_eye, layout_basic, old_standard_altar, minitemple,
          minmay_shallow_snake_nest, uniq_terence
D:3:      layout_rooms, chequers_serial_rivers_small_b
D:4:      layout_rooms, lemuel_temple_firewalk_b
D:5:      layout_gridville, led_sif_book, uniq_sigmund, uniq_pikel
D:6:      layout_layer_cave, hangedman_decor_riveting
D:7:      layout_basic, nicolae_ru_sacrificial_ziggurat
D:8:      layout_basic, grunt_temple_overflow_diamond
D:9:      layout_gridville, orc_0_dummy, enter_bailey_5,
          minmay_guarded_unrand_resistance
D:10:     layout_gridville, dpeg_oklobed_lair,
          ploomutoo_gammafunk_ghost_potion_laboratory, serial_shops,
          nicolae_shop_temple_entry_statues_fountains, minmay_nine_imps,
          uniq_gastronok
Temple:   regret_index_temple_generic_petals

Skill      XL: |  1  2  3  4  5  6  7  8  9 10 |
---------------+-------------------------------+-----
Axes           | 3 4 5 6 7 |  7.9
Dodging        | 1 2 3 4 6 8 |  8.8
Fighting       | 4 5 |  5.0
Armour         | 4 5 6 8 9 10 | 10.0
Shields        | 4 5 6 8 9 10 | 10.1
Invocations    | 4 |  4.0
Evocations     | 3 |  3.6

Action                   |  1- 3 |  4- 6 |  7- 9 | 10-12 || total
-------------------------+-------+-------+-------+-------++-------
Melee: War axe           |    77 |   149 |   363 |   166 ||   755
       Headbutt          |     9 |    20 |    76 |    32 ||   137
       Spear             |       |       |       |    34 ||    34
Invok: Heroism           |       |       |       |     1 ||     1
       Finesse           |       |       |       |     1 ||     1
 Abil: Evoke Flight      |       |       |       |     2 ||     2
Evoke: Wand              |       |       |       |     8 ||     8
  Use: Potion            |     1 |       |       |     1 ||     2
       Scroll            |       |     4 |     5 |    11 ||    20
Armor: Scale mail        |    42 |    53 |       |       ||    95
       Plate armour      |       |    11 |   121 |    39 ||   171
       Crystal plate arm |       |       |       |    23 ||    23
Dodge: Dodged            |    25 |    46 |    66 |    36 ||   173
Block: Kite shield       |    42 |   125 |   319 |   163 ||   649
       Reflection        |       |     2 |     5 |    13 ||    20
